General information
- name: BNet
- type: Ladder team game (AT/RT)
- host: Battle.net
- saver: tacobellswamp
map: SilverpineForest
- players: 6
- length: 87:22
- speed: Fast
- version: 1.26 W3XP
- replay type:

» download(666 KB)
Players
team 1 (loser)
guelle-gamer (
red | 64 APM | 5551 actions | 87:22)
7 Blademaster
3 Wind Walk
3 Critical Strike
1 Bladestorm
2 Shadow Hunter
1 Hex
1 Healing Wave
» actions
| Assign group hotkey | 10 | |
| Basic commands | 4 | |
| Build / train | 145 | |
| ESC pressed | 1 | |
| Enter build submenu | 71 | |
| Enter hero's abilities submenu | 9 | |
| Give item / drop item | 14 | |
| Remove unit from queue | 6 | |
| Right click | 4196 | |
| Select / deselect | 791 | |
| Select group hotkey | 4 | |
| Use ability | 298 | |
5551 total
» units
| Peon | 46 | |
| Demolisher | 14 | |
| Troll Batrider | 8 | |
| Raider | 2 | |
70 total
» upgrades
| Ranged Weapons | 1 | |
| Burning Oil | 1 | |
| Reinforced Defenses | 1 | |
| Liquid Fire | 1 | |
| Ensnare | 1 | |
5 total
» buildings
| Altar of Storms | 1 | |
| Orc Burrow | 3 | |
| Voodoo Lounge | 1 | |
| Stronghold | 1 | |
| War Mill | 1 | |
| Barracks | 4 | |
| Watch Tower | 52 | |
| Fortress | 1 | |
| Great Hall | 4 | |
| Beastiary | 1 | |
69 total
» build order
00:11 Altar of Storms
00:19 Orc Burrow
01:32 Voodoo Lounge
03:04 Stronghold
03:22 War Mill
04:21 Barracks
04:26 Orc Burrow
04:52 Barracks
06:17 Watch Tower
06:21 Watch Tower
06:24 Orc Burrow
06:56 Watch Tower
09:46 Fortress
12:19 Barracks
13:09 Watch Tower
13:34 Great Hall
14:12 Barracks
14:45 Watch Tower
15:09 Watch Tower
16:19 Watch Tower
16:59 Watch Tower
17:33 Watch Tower
18:10 Watch Tower
19:23 Watch Tower
19:33 Watch Tower
20:36 Watch Tower
20:53 Watch Tower
22:40 Great Hall
25:30 Watch Tower
29:45 Watch Tower
29:46 Watch Tower
29:48 Watch Tower
29:57 Watch Tower
31:10 Watch Tower
31:12 Watch Tower
31:17 Watch Tower
31:43 Great Hall
31:45 Watch Tower
33:00 Great Hall
33:02 Watch Tower
33:05 Watch Tower
33:20 Watch Tower
34:13 Watch Tower
34:15 Watch Tower
34:33 Watch Tower
35:13 Watch Tower
36:24 Watch Tower
38:52 Watch Tower
43:39 Watch Tower
44:47 Watch Tower
51:30 Beastiary
54:49 Watch Tower
54:52 Watch Tower
56:59 Watch Tower
57:07 Watch Tower
59:19 Watch Tower
59:45 Watch Tower
60:28 Watch Tower
60:58 Watch Tower
61:01 Watch Tower
62:03 Watch Tower
62:05 Watch Tower
64:15 Watch Tower
66:59 Watch Tower
67:03 Watch Tower
67:50 Watch Tower
68:28 Watch Tower
71:53 Watch Tower
71:59 Watch Tower
» items
| Lesser Clarity Potion | 24 | |
| Healing Salve | 7 | |
| Potion of Healing | 10 | |
| Orb of Lightning | 1 | |
| Staff of Teleportation | 1 | |
| Boots of Speed | 1 | |
| Talisman of Evasion | 1 | |
| Scroll of Town Portal | 5 | |
| Pendant of Mana | 1 | |
| Helm of Valor | 1 | |
| Scroll of Regeneration | 3 | |
55 total
pgi.phate (
purple | 81 APM | 7040 actions | 87:22)
3 Blood Mage
2 Flame Strike
1 Siphon Mana
2 Mountain King
1 Storm Bolt
1 Bash
1 Paladin
1 Holy Light
» actions
| Assign group hotkey | 93 | |
| Basic commands | 45 | |
| Build / train | 236 | |
| ESC pressed | 33 | |
| Enter build submenu | 112 | |
| Enter hero's abilities submenu | 7 | |
| Give item / drop item | 1 | |
| Remove unit from queue | 1 | |
| Right click | 2732 | |
| Select / deselect | 1206 | |
| Select group hotkey | 2248 | |
| Use ability | 326 | |
7040 total
» units
| Peasant | 47 | |
| Footman | 11 | |
| Dragonhawk Rider | 12 | |
| Rifleman | 7 | |
| Flying Machine | 8 | |
| Spell Breaker | 10 | |
| Mortar Team | 5 | |
| Priest | 1 | |
| Sorceress | 3 | |
| Knight | 4 | |
108 total
» upgrades
| Defend | 1 | |
| Masonry | 3 | |
| Lumber Harvesting | 1 | |
| Long Rifles | 1 | |
| Magic Sentry | 1 | |
| Cloud | 1 | |
8 total
» buildings
| Altar of Kings | 2 | |
| Barracks | 2 | |
| Farm | 25 | |
| Scout Tower | 60 | |
| Arcane Tower | 23 | |
| Lumber Mill | 2 | |
| Keep | 4 | |
| Guard Tower | 38 | |
| Blacksmith | 3 | |
| Arcane Vault | 3 | |
| Gryphon Aviary | 2 | |
| Castle | 2 | |
| Town Hall | 2 | |
| Workshop | 1 | |
| Arcane Sanctum | 1 | |
170 total
» build order
00:07 Altar of Kings
00:20 Barracks
00:36 Farm
00:50 Farm
02:10 Farm
03:09 Scout Tower
04:23 Scout Tower
04:39 Farm
04:52 Arcane Tower
04:52 Arcane Tower
04:54 Lumber Mill
05:27 Scout Tower
05:53 Keep
05:54 Keep
05:58 Guard Tower
05:58 Guard Tower
06:23 Blacksmith
06:57 Farm
07:41 Blacksmith
09:52 Scout Tower
10:26 Guard Tower
10:26 Guard Tower
10:47 Arcane Vault
11:41 Gryphon Aviary
12:10 Arcane Vault
12:56 Castle
13:49 Farm
13:50 Farm
14:27 Scout Tower
15:05 Scout Tower
16:03 Arcane Tower
16:49 Town Hall
16:54 Scout Tower
17:34 Scout Tower
17:40 Arcane Tower
17:48 Lumber Mill
19:47 Guard Tower
20:25 Scout Tower
20:32 Altar of Kings
20:38 Farm
20:54 Scout Tower
20:54 Guard Tower
20:58 Scout Tower
21:02 Scout Tower
21:03 Scout Tower
21:09 Farm
21:10 Farm
21:13 Farm
21:18 Farm
21:19 Farm
21:21 Farm
21:22 Farm
21:23 Farm
21:53 Farm
22:00 Guard Tower
22:02 Farm
23:01 Scout Tower
23:21 Scout Tower
23:22 Scout Tower
23:43 Guard Tower
23:44 Scout Tower
24:59 Scout Tower
25:00 Scout Tower
25:10 Scout Tower
25:11 Scout Tower
25:13 Scout Tower
25:47 Arcane Tower
25:48 Scout Tower
26:35 Scout Tower
26:38 Scout Tower
26:40 Scout Tower
26:44 Guard Tower
26:44 Guard Tower
27:04 Scout Tower
27:05 Scout Tower
27:15 Guard Tower
27:15 Guard Tower
27:31 Farm
27:32 Farm
27:40 Scout Tower
27:44 Scout Tower
27:46 Scout Tower
27:47 Scout Tower
27:48 Arcane Tower
27:49 Guard Tower
28:12 Arcane Tower
28:27 Arcane Tower
28:40 Guard Tower
28:44 Arcane Tower
28:45 Guard Tower
28:49 Guard Tower
28:53 Scout Tower
28:54 Scout Tower
28:55 Scout Tower
28:56 Scout Tower
29:05 Keep
29:05 Keep
29:10 Blacksmith
29:44 Guard Tower
29:44 Guard Tower
30:01 Arcane Vault
30:19 Guard Tower
31:25 Farm
32:13 Castle
32:22 Scout Tower
32:23 Scout Tower
32:59 Barracks
33:01 Arcane Tower
33:10 Scout Tower
33:24 Guard Tower
33:55 Arcane Tower
33:56 Scout Tower
34:29 Guard Tower
34:30 Guard Tower
34:32 Scout Tower
34:33 Guard Tower
34:34 Guard Tower
37:04 Scout Tower
37:17 Scout Tower
37:20 Scout Tower
37:42 Arcane Tower
37:52 Arcane Tower
37:53 Guard Tower
37:55 Scout Tower
39:13 Guard Tower
39:13 Guard Tower
42:33 Workshop
43:48 Guard Tower
43:48 Guard Tower
43:53 Guard Tower
44:04 Arcane Tower
44:04 Guard Tower
44:06 Arcane Tower
44:15 Scout Tower
44:19 Scout Tower
44:20 Scout Tower
44:31 Town Hall
46:01 Guard Tower
47:40 Scout Tower
48:00 Arcane Sanctum
48:08 Arcane Tower
48:11 Scout Tower
48:14 Scout Tower
48:14 Scout Tower
48:49 Arcane Tower
49:11 Arcane Tower
50:19 Scout Tower
51:12 Arcane Tower
51:13 Guard Tower
51:14 Guard Tower
60:39 Scout Tower
60:41 Scout Tower
60:42 Scout Tower
61:04 Scout Tower
61:55 Arcane Tower
62:31 Arcane Tower
62:44 Scout Tower
62:46 Scout Tower
62:47 Scout Tower
62:56 Guard Tower
64:02 Guard Tower
64:03 Arcane Tower
64:03 Arcane Tower
72:15 Guard Tower
74:34 Gryphon Aviary
78:35 Farm
78:36 Farm
79:14 Farm
82:08 Farm
» items
| Lesser Clarity Potion | 3 | |
| Potion of Mana | 1 | |
| Scroll of Regeneration | 3 | |
| Potion of Healing | 8 | |
| Ivory Tower | 18 | |
| Orb of Fire | 2 | |
| Staff of Sanctuary | 1 | |
36 total
ToUreTTeS_GuY (
yellow | 90 APM | 7419 actions | 82:48)
6 Death Knight
3 Death Coil
2 Unholy Aura
1 Animate Dead
5 Lich
3 Frost Nova
2 Dark Ritual
» actions
| Assign group hotkey | 156 | |
| Basic commands | 39 | |
| Build / train | 117 | |
| ESC pressed | 4 | |
| Enter build submenu | 40 | |
| Enter hero's abilities submenu | 11 | |
| Give item / drop item | 7 | |
| Right click | 3164 | |
| Select / deselect | 679 | |
| Select group hotkey | 2904 | |
| Use ability | 296 | |
7419 total
» units
| Acolyte | 27 | |
| Ghoul | 3 | |
| Crypt Fiend | 22 | |
| Obsidian Statue | 3 | |
| Frost Wyrm | 7 | |
| Gargoyle | 3 | |
65 total
» upgrades
| Creature Attack | 2 | |
| Web | 1 | |
| Destroyer Form | 1 | |
| Freezing Breath | 1 | |
| Creature Carapace | 2 | |
7 total
» buildings
| Crypt | 1 | |
| Graveyard | 1 | |
| Ziggurat | 19 | |
| Altar of Darkness | 1 | |
| Nerubian Tower | 3 | |
| Spirit Tower | 8 | |
| Tomb of Relics | 2 | |
| Halls of the Dead | 1 | |
| Slaughterhouse | 1 | |
| Black Citadel | 1 | |
| Sacrificial Pit | 1 | |
| Boneyard | 1 | |
40 total
» build order
00:04 Crypt
00:12 Graveyard
00:32 Ziggurat
01:05 Altar of Darkness
01:18 Ziggurat
01:31 Nerubian Tower
02:58 Spirit Tower
03:16 Ziggurat
03:40 Tomb of Relics
03:42 Tomb of Relics
04:36 Halls of the Dead
04:48 Ziggurat
07:38 Slaughterhouse
09:10 Black Citadel
09:22 Ziggurat
10:45 Ziggurat
12:25 Sacrificial Pit
14:28 Boneyard
15:10 Spirit Tower
20:53 Ziggurat
24:31 Ziggurat
24:33 Ziggurat
24:34 Ziggurat
26:45 Spirit Tower
36:30 Ziggurat
36:32 Ziggurat
36:33 Ziggurat
39:28 Spirit Tower
49:01 Ziggurat
49:08 Ziggurat
49:10 Ziggurat
50:17 Spirit Tower
50:17 Spirit Tower
51:44 Ziggurat
51:47 Ziggurat
52:58 Spirit Tower
52:58 Spirit Tower
53:02 Ziggurat
53:21 Nerubian Tower
» items
| Rod of Necromancy | 1 | |
| Dust of Appearance | 2 | |
| Potion of Mana | 1 | |
| Potion of Healing | 5 | |
| Scroll of Town Portal | 4 | |
| Orb of Corruption | 2 | |
| Sacrificial Skull | 1 | |
16 total
team 2 (winner)
iggyfromdacouch (
teal | 125 APM | 10957 actions | 87:22)
8 Archmage
3 Blizzard
3 Brilliance Aura
1 Mass Teleport
1 Summon Water Elemental
7 Blood Mage
3 Flame Strike
3 Siphon Mana
1 Summon Phoenix
7 Mountain King
3 Storm Bolt
3 Bash
1 Avatar
» actions
| Assign group hotkey | 326 | |
| Basic commands | 70 | |
| Build / train | 163 | |
| Enter build submenu | 106 | |
| Enter hero's abilities submenu | 23 | |
| Give item / drop item | 4 | |
| Right click | 5579 | |
| Select / deselect | 710 | |
| Select group hotkey | 3322 | |
| Use ability | 654 | |
10957 total
» units
| Peasant | 28 | |
| Dragonhawk Rider | 7 | |
| Priest | 1 | |
36 total
» upgrades
| Masonry | 3 | |
| Lumber Harvesting | 2 | |
| Magic Sentry | 1 | |
| Priest Training | 1 | |
| Animal War Training | 1 | |
| Swords | 3 | |
| Armor | 3 | |
| Cloud | 1 | |
15 total
» buildings
| Altar of Kings | 1 | |
| Farm | 6 | |
| Lumber Mill | 1 | |
| Scout Tower | 91 | |
| Arcane Tower | 18 | |
| Guard Tower | 39 | |
| Keep | 1 | |
| Town Hall | 4 | |
| Castle | 1 | |
| Arcane Sanctum | 1 | |
| Arcane Vault | 3 | |
| Gryphon Aviary | 1 | |
| Barracks | 1 | |
| Blacksmith | 1 | |
169 total
» build order
00:04 Altar of Kings
00:18 Farm
00:43 Farm
01:03 Lumber Mill
01:13 Scout Tower
01:24 Scout Tower
01:43 Farm
01:49 Scout Tower
01:51 Scout Tower
01:52 Arcane Tower
02:02 Arcane Tower
02:04 Scout Tower
02:14 Scout Tower
02:32 Arcane Tower
02:33 Scout Tower
02:43 Guard Tower
02:45 Scout Tower
02:48 Scout Tower
02:48 Guard Tower
02:55 Guard Tower
02:57 Scout Tower
03:01 Scout Tower
03:07 Guard Tower
03:15 Guard Tower
03:16 Scout Tower
03:34 Guard Tower
03:35 Scout Tower
04:07 Guard Tower
04:08 Scout Tower
04:11 Scout Tower
04:15 Guard Tower
04:17 Scout Tower
04:18 Scout Tower
04:37 Keep
05:03 Scout Tower
05:11 Guard Tower
05:24 Scout Tower
05:45 Guard Tower
05:46 Guard Tower
06:30 Town Hall
06:34 Arcane Tower
06:48 Scout Tower
06:49 Guard Tower
07:26 Scout Tower
07:27 Scout Tower
07:34 Guard Tower
07:43 Scout Tower
07:46 Castle
07:49 Scout Tower
07:50 Scout Tower
07:51 Scout Tower
08:17 Guard Tower
08:30 Guard Tower
08:31 Scout Tower
08:32 Scout Tower
08:37 Scout Tower
08:38 Scout Tower
09:01 Arcane Sanctum
09:06 Guard Tower
09:07 Guard Tower
09:16 Scout Tower
09:23 Arcane Vault
09:43 Arcane Tower
09:44 Scout Tower
09:45 Guard Tower
09:53 Guard Tower
09:56 Scout Tower
10:18 Guard Tower
10:19 Scout Tower
10:31 Guard Tower
10:52 Guard Tower
10:53 Scout Tower
10:54 Scout Tower
11:02 Scout Tower
11:40 Guard Tower
12:18 Scout Tower
12:48 Guard Tower
13:06 Scout Tower
13:07 Scout Tower
13:34 Arcane Vault
14:08 Guard Tower
14:10 Scout Tower
14:13 Scout Tower
14:14 Scout Tower
14:36 Gryphon Aviary
14:37 Barracks
14:39 Scout Tower
14:42 Guard Tower
14:45 Scout Tower
14:48 Scout Tower
14:54 Scout Tower
14:56 Scout Tower
15:27 Guard Tower
15:28 Scout Tower
15:29 Scout Tower
15:43 Scout Tower
15:44 Scout Tower
15:46 Scout Tower
16:11 Guard Tower
16:14 Scout Tower
16:17 Scout Tower
16:18 Arcane Tower
16:49 Guard Tower
16:51 Scout Tower
16:51 Scout Tower
17:32 Guard Tower
18:12 Guard Tower
18:15 Scout Tower
18:15 Scout Tower
18:40 Blacksmith
18:43 Farm
18:51 Guard Tower
19:48 Guard Tower
19:54 Arcane Vault
19:56 Scout Tower
19:57 Scout Tower
20:13 Scout Tower
21:08 Farm
21:09 Farm
21:19 Guard Tower
21:20 Scout Tower
21:22 Scout Tower
23:40 Arcane Tower
25:33 Scout Tower
26:41 Guard Tower
27:01 Scout Tower
27:03 Scout Tower
27:06 Scout Tower
29:14 Arcane Tower
33:59 Town Hall
34:05 Scout Tower
34:06 Scout Tower
34:07 Scout Tower
34:23 Scout Tower
34:24 Scout Tower
34:26 Scout Tower
34:26 Scout Tower
34:28 Scout Tower
34:28 Scout Tower
34:34 Arcane Tower
37:21 Town Hall
37:45 Town Hall
39:19 Scout Tower
39:20 Scout Tower
39:21 Scout Tower
39:22 Scout Tower
39:22 Scout Tower
39:23 Scout Tower
39:46 Arcane Tower
39:46 Arcane Tower
40:11 Scout Tower
40:13 Arcane Tower
40:50 Guard Tower
41:08 Guard Tower
41:08 Guard Tower
41:30 Guard Tower
46:02 Scout Tower
46:39 Arcane Tower
46:41 Scout Tower
47:57 Arcane Tower
75:34 Scout Tower
75:37 Scout Tower
76:04 Arcane Tower
76:43 Arcane Tower
77:05 Scout Tower
77:07 Scout Tower
78:47 Arcane Tower
78:57 Scout Tower
79:44 Arcane Tower
» items
| Scroll of Regeneration | 6 | |
| Staff of Sanctuary | 3 | |
| Potion of Healing | 1 | |
| Scroll of Town Portal | 4 | |
| Boots of Speed | 3 | |
| Staff of Teleportation | 3 | |
| Orb of Lightning | 2 | |
| Mechanical Critter | 4 | |
| Amulet of Spell Shield | 1 | |
| Khadgar's Gem of Health | 1 | |
28 total
MICKRO_MASTER (
pink | 94 APM | 8211 actions | 87:22)
9 Warden
3 Shadow Strike
3 Blink
3 Fan of Knives
» actions
| Assign group hotkey | 12 | |
| Basic commands | 41 | |
| Build / train | 74 | |
| ESC pressed | 8 | |
| Enter build submenu | 32 | |
| Enter hero's abilities submenu | 9 | |
| Give item / drop item | 45 | |
| Right click | 5810 | |
| Select / deselect | 466 | |
| Select group hotkey | 1105 | |
| Use ability | 606 | |
8211 total
» units
» upgrades
| Nature's Blessing | 1 | |
| Ultravision | 2 | |
| Well Spring | 1 | |
4 total
» buildings
| Altar of Elders | 2 | |
| Moon Well | 14 | |
| Tree of Ages | 3 | |
| Tree of Life | 7 | |
| Hunter's Hall | 2 | |
| Tree of Eternity | 2 | |
| Ancient of Wonders | 4 | |
| Ancient Protector | 2 | |
36 total
» build order
00:09 Altar of Elders
00:11 Moon Well
00:55 Moon Well
05:13 Tree of Ages
05:17 Tree of Life
06:16 Moon Well
06:16 Moon Well
06:55 Hunter's Hall
07:36 Tree of Eternity
07:39 Ancient of Wonders
09:08 Ancient of Wonders
09:44 Altar of Elders
09:59 Moon Well
09:59 Moon Well
10:04 Moon Well
12:02 Tree of Life
20:38 Tree of Life
24:38 Tree of Life
25:09 Moon Well
26:38 Tree of Life
35:25 Tree of Life
42:14 Tree of Life
45:01 Hunter's Hall
48:50 Tree of Ages
49:04 Moon Well
49:11 Moon Well
49:29 Moon Well
49:33 Moon Well
51:49 Tree of Eternity
54:32 Moon Well
54:36 Moon Well
80:20 Ancient of Wonders
81:07 Ancient of Wonders
83:11 Ancient Protector
86:12 Ancient Protector
» items
| Staff of Teleportation | 1 | |
| Boots of Speed | 1 | |
| Sentry Wards | 1 | |
| Orb of Lightning | 1 | |
| Potion of Healing | 2 | |
| Healing Salve | 4 | |
| Lesser Clarity Potion | 6 | |
| Amulet of Spell Shield | 1 | |
| Khadgar's Gem of Health | 1 | |
| Ancient Janggo of Endurance | 1 | |
| Orb of Venom | 1 | |
20 total
tacobellswamp (
blue | 131 APM | 11435 actions | 87:22)
8 Blademaster
3 Wind Walk
3 Critical Strike
1 Bladestorm
1 Mirror Image
7 Shadow Hunter
3 Hex
3 Healing Wave
1 Big Bad Voodoo
» actions
| Assign group hotkey | 43 | |
| Basic commands | 63 | |
| Build / train | 137 | |
| Enter build submenu | 106 | |
| Enter hero's abilities submenu | 16 | |
| Give item / drop item | 25 | |
| Right click | 7753 | |
| Select / deselect | 1130 | |
| Select group hotkey | 1565 | |
| Use ability | 590 | |
11435 total
» units
» upgrades
| Pillage | 1 | |
| Ranged Weapons | 3 | |
| Liquid Fire | 1 | |
| Reinforced Defenses | 1 | |
| Troll Regeneration | 1 | |
| Armor | 3 | |
10 total
» buildings
| Altar of Storms | 1 | |
| Orc Burrow | 4 | |
| War Mill | 1 | |
| Voodoo Lounge | 3 | |
| Watch Tower | 110 | |
| Stronghold | 1 | |
| Fortress | 1 | |
| Beastiary | 2 | |
| Barracks | 1 | |
| Great Hall | 1 | |
125 total
» build order
00:07 Altar of Storms
00:18 Orc Burrow
00:38 War Mill
01:03 Voodoo Lounge
01:53 Watch Tower
02:08 Watch Tower
02:32 Watch Tower
03:03 Orc Burrow
03:04 Orc Burrow
03:21 Watch Tower
03:24 Watch Tower
04:41 Watch Tower
04:42 Watch Tower
05:33 Stronghold
05:51 Watch Tower
05:52 Watch Tower
06:59 Watch Tower
07:38 Watch Tower
07:39 Watch Tower
07:51 Orc Burrow
08:13 Fortress
08:17 Beastiary
08:18 Beastiary
09:12 Watch Tower
09:13 Watch Tower
09:14 Watch Tower
09:54 Watch Tower
16:00 Watch Tower
16:01 Watch Tower
16:02 Watch Tower
16:02 Watch Tower
17:31 Watch Tower
17:32 Watch Tower
17:32 Watch Tower
18:21 Voodoo Lounge
20:33 Barracks
20:36 Watch Tower
20:37 Watch Tower
20:37 Watch Tower
20:44 Watch Tower
20:45 Watch Tower
20:45 Watch Tower
20:46 Watch Tower
24:04 Watch Tower
24:04 Watch Tower
24:05 Watch Tower
24:06 Watch Tower
24:06 Watch Tower
24:07 Watch Tower
24:46 Great Hall
25:06 Watch Tower
25:10 Watch Tower
25:10 Watch Tower
25:11 Watch Tower
25:11 Watch Tower
25:12 Watch Tower
26:29 Watch Tower
26:47 Watch Tower
26:48 Watch Tower
26:48 Watch Tower
26:49 Watch Tower
26:59 Watch Tower
27:00 Watch Tower
28:24 Watch Tower
28:25 Watch Tower
28:26 Watch Tower
28:27 Watch Tower
28:27 Watch Tower
30:18 Watch Tower
30:20 Watch Tower
31:53 Watch Tower
31:53 Watch Tower
31:56 Watch Tower
31:57 Watch Tower
33:13 Watch Tower
33:14 Watch Tower
33:15 Watch Tower
33:16 Watch Tower
36:19 Voodoo Lounge
36:38 Watch Tower
36:39 Watch Tower
36:40 Watch Tower
37:50 Watch Tower
41:38 Watch Tower
41:39 Watch Tower
63:50 Watch Tower
64:28 Watch Tower
64:28 Watch Tower
64:29 Watch Tower
64:30 Watch Tower
64:31 Watch Tower
64:31 Watch Tower
64:32 Watch Tower
64:33 Watch Tower
64:33 Watch Tower
64:34 Watch Tower
64:35 Watch Tower
65:54 Watch Tower
66:04 Watch Tower
66:28 Watch Tower
68:10 Watch Tower
68:11 Watch Tower
68:25 Watch Tower
68:26 Watch Tower
68:27 Watch Tower
68:29 Watch Tower
68:37 Watch Tower
70:02 Watch Tower
70:02 Watch Tower
73:49 Watch Tower
73:50 Watch Tower
73:50 Watch Tower
73:51 Watch Tower
73:52 Watch Tower
73:52 Watch Tower
73:52 Watch Tower
73:53 Watch Tower
74:37 Watch Tower
74:38 Watch Tower
74:39 Watch Tower
74:39 Watch Tower
74:40 Watch Tower
74:40 Watch Tower
74:56 Watch Tower
74:57 Watch Tower
» items
| Healing Salve | 9 | |
| Lesser Clarity Potion | 14 | |
| Boots of Speed | 3 | |
| Staff of Teleportation | 6 | |
| Potion of Healing | 2 | |
| Orb of Lightning | 3 | |
| Staff of Sanctuary | 2 | |
| Khadgar's Gem of Health | 1 | |
| Amulet of Spell Shield | 2 | |
| Mechanical Critter | 2 | |
| Pendant of Mana | 1 | |
45 total
Chat log
(00:29 / All) tacobellswamp: hi
(00:36 / All) ToUreTTeS_GuY: hi
(00:40 / All) ToUreTTeS_GuY: from?
(00:41 / All) tacobellswamp: do u like to talk n play?
(00:43 / All) tacobellswamp: toronto, canada
(00:44 / All) MICKRO_MASTER: FROM???
(00:48 / All) ToUreTTeS_GuY: WE LIKE
(00:51 / All) MICKRO_MASTER: from
(00:57 / All) pgi.phate: from hell!
(01:00 / All) guelle-gamer: huhu
(01:04 / All) guelle-gamer: my sexy friends
(01:09 / All) ToUreTTeS_GuY: beeches
(01:11 / All) pgi.phate: type faster damn it!
(01:14 / All) ToUreTTeS_GuY: fuuu
(01:16 / All) MICKRO_MASTER: hello from
(01:18 / All) MICKRO_MASTER: ?
(01:18 / All) tacobellswamp: HEY
(01:20 / All) MICKRO_MASTER: where u from at?
(01:22 / All) ToUreTTeS_GuY: from from from
(01:22 / All) guelle-gamer: u bitches
(01:22 / All) tacobellswamp: sorry i was ordering pizza
(01:27 / All) tacobellswamp: what diod u say?
(01:34 / All) ToUreTTeS_GuY: FRIIM
(01:36 / All) guelle-gamer: °!°
(01:39 / All) pgi.phate: oh you did not!
(01:39 / All) tacobellswamp: i'm from toronto, canada
(01:49 / All) pgi.phate: where is that?
(01:51 / All) ToUreTTeS_GuY: mexicans...
(02:03 / All) pgi.phate: mexican halloween!
(02:14 / All) ToUreTTeS_GuY: texmex chainsaw massacre
(02:16 / All) MICKRO_MASTER: hi me, from usa
(02:23 / All) MICKRO_MASTER: u ever heard of
(02:25 / All) ToUreTTeS_GuY: y u no kasach cossac
(02:36 / All) MICKRO_MASTER: sorry me only speak american XD
(02:37 / All) guelle-gamer: maybe
(02:40 / All) ToUreTTeS_GuY: Y U NO
(02:43 / All) ToUreTTeS_GuY: Y U NO
(02:52 / All) pgi.phate: bitch please
(05:24 / All) ToUreTTeS_GuY: I LIKE SAUERKRAUT
(05:31 / All) pgi.phate: krout!!!
(05:34 / All) ToUreTTeS_GuY: KRAUT ME GUSTA
(09:17 / All) guelle-gamer: lalala
(09:24 / All) guelle-gamer: wir können nichts
(09:29 / All) pgi.phate: naps
(09:31 / All) guelle-gamer: aber ihr noch weniger !!!
(09:33 / All) pgi.phate: alle miteinander
(09:39 / All) iggyfromdacouch: what???
(09:40 / All) ToUreTTeS_GuY: Y U NO
(11:37 / All) tacobellswamp: n1
(11:43 / All) pgi.phate: haha
(11:48 / All) guelle-gamer: no xp for u
(11:57 / All) pgi.phate: expert move
(18:55 / All) iggyfromdacouch: yellow you suck
(42:19 / All) MICKRO_MASTER: youre
(42:20 / All) MICKRO_MASTER: your lich
(45:21 / All) tacobellswamp: u stink
(55:01 / All) MICKRO_MASTER: your lich
(55:02 / All) tacobellswamp: LOL
(55:04 / All) tacobellswamp: hehehehehoho
(55:05 / All) MICKRO_MASTER: whats going on
(55:06 / All) iggyfromdacouch: Noob yellow
(61:14 / All) MICKRO_MASTER: when did you guys realize that you lost
(61:26 / All) MICKRO_MASTER: was it as you were killing my main
(63:53 / All) MICKRO_MASTER: when is ud going to unsummon
(72:04 / All) MICKRO_MASTER: gg
(72:10 / All) MICKRO_MASTER: lol!
(72:11 / All) iggyfromdacouch: quit now
(72:13 / All) MICKRO_MASTER: poor manadar
(72:19 / All) MICKRO_MASTER: Manadar the Feeder
(72:22 / All) pgi.phate: we have time
(72:26 / All) tacobellswamp: time 2 lose
(72:27 / All) tacobellswamp: good
(72:32 / All) pgi.phate: we wait till the last building
(72:35 / All) tacobellswamp: lol
(72:35 / All) MICKRO_MASTER: i dont have much time, thats why i made a lot of towers
(73:30 / All) tacobellswamp: bye
(73:36 / All) tacobellswamp: http://highper.ch
(76:32 / All) iggyfromdacouch: RED U SUCK
(76:49 / All) pgi.phate: dei mudda suckt
(77:11 / All) tacobellswamp: q
(77:13 / All) tacobellswamp: u
(77:13 / All) MICKRO_MASTER: leave pls
(77:13 / All) tacobellswamp: i
(77:14 / All) tacobellswamp: t
(77:19 / All) MICKRO_MASTER: this is embarrasse..
(77:25 / All) tacobellswamp: you're filth
(79:52 / All) tacobellswamp: bye
(81:27 / All) tacobellswamp: good play
(81:46 / All) iggyfromdacouch: noobs lol
(82:20 / All) tacobellswamp: what's ur favorite drink? mine is "choplate milk"
(82:38 / All) guelle-gamer: hihihi
(82:40 / All) guelle-gamer: bubu
(82:46 / All) MICKRO_MASTER: byebyebye
(82:55 / All) MICKRO_MASTER: remember when you got 'pwned'
(83:11 / All) iggyfromdacouch: remember when you talked shit because you thought you were winning
(83:20 / All) MICKRO_MASTER: and then you stopped :O
(83:25 / All) MICKRO_MASTER: O:
(83:31 / All) MICKRO_MASTER: why did you stop winning
(83:55 / All) guelle-gamer: huhu
(84:02 / All) guelle-gamer: i go afk have fun :)
(86:40 / All) MICKRO_MASTER: gg bb
(87:07 / All) tacobellswamp: hiperch.co.uk all your bloody replays mum
(87:20 / All) MICKRO_MASTER: http://highper.ch